 Dungeon Crawl Stone Soup version 0.22.0-13-g43fe8f24b8 (webtiles) character file.

19 PentaManta the Sneak (level 2, 0/14 HPs)
             Began as a Spriggan Assassin on Aug 17, 2018.
             Succumbed to an orc wizard's poison
             ... on level 2 of the Dungeon.
             The game lasted 00:03:22 (1287 turns).

PentaManta the Sneak (Spriggan Assassin)            Turns: 1287, Time: 00:03:24

Health: 0/14       AC:  3    Str: 12    XL:     2   Next: 55%
Magic:  3/3        EV: 18    Int: 12    God:
Gold:   49         SH:  0    Dex: 17    Spells: 1/1 levels left

rFire    . . .     SeeInvis +   a - +2 dagger
rCold    . . .     Gourm    .   (shield restricted)
rNeg     . . .     Faith    .   c - +0 robe
rPois    .         Spirit   .   (helmet restricted)
rElec    .         Reflect  .   d - +0 cloak
rCorr    .         Harm     .   (gloves unavailable)
MR       .....                  (boots unavailable)
Stlth    +++.......             (no amulet)
HPRegen  0.04/turn              (no ring)
MPRegen  0.08/turn              (no ring)

@: mighty, lethally poisoned (0 -> -13), drained, very quick
A: very small, unfitting armour, see invisible, herbivore, speed 3, slow
metabolism 2
a: no special abilities


You were on level 2 of the Dungeon.
You were not hungry.

You visited 1 branch of the dungeon, and saw 2 of its levels.

You collected 49 gold pieces.

Inventory:

Hand Weapons
 a - a +2 dagger (weapon)
 b - a +0 blowgun
Missiles
 e - 8 poisoned needles
 f - 2 curare-tipped needles
Armour
 c - a +0 robe (worn)
 d - a +0 cloak (worn)
Jewellery
 k - an uncursed amulet of faith {unknown}
 o - an uncursed ring of magical power {unknown}
Scrolls
 m - a scroll of immolation {unknown}
 n - a scroll of identify {unknown}
 p - a scroll of random uselessness {unknown}
Potions
 h - 2 potions of might
 i - 3 potions of curing {unknown}
 j - 2 potions of berserk rage {unknown}
 l - a potion of flight {unknown}
 q - a potion of heal wounds {unknown}
Comestibles
 g - 5 rations


   Skills:
 - Level 1.5(1.1) Fighting
 - Level 2.1(1.8) Short Blades
 - Level 2.0(1.6) Throwing
 * Level 3.3(2.9) Dodging
 + Level 6.2(5.8) Stealth


You had one spell level left.
You didn't know any spells.
Your spell library was empty.

Dungeon Overview and Level Annotations

Branches:
Dungeon (2/15)

Altars:


Innate Abilities, Weirdness & Mutations

You are very small and have problems with some larger weapons.
You are too small for most types of armour.
You have supernaturally acute eyesight. (SInv)
You are a herbivore.
You cover ground extremely quickly.
You need to consume almost no food.


Message History

You are lethally poisoned!
You barely miss the orc wizard.
You feel sick. The orc barely misses you.
The orc wizard hits you but does no damage.
You closely miss the orc wizard.
You feel sick. The orc closely misses you. The orc wizard barely misses you.
You barely miss the orc wizard.
You feel sick. The orc barely misses you. The orc wizard barely misses you.
You hit the orc wizard.
The orc wizard is moderately wounded.
You feel sick. The orc hits you.
* * * LOW HITPOINT WARNING * * *
It was a potion of might.
You feel very mighty all of a sudden.
* * * LOW HITPOINT WARNING * * *
You feel sick.
The orc wizard casts a spell.
The orc wizard blinks!
The orc misses you.
You puncture the orc!
You kill the orc!
You die...

........#.# #..........##.#.#.#
........#.# #...............#.#
..l.....#.# #(.........##.###.#
#...o..#.# ##########.##...#.#
#..o.o.#o# #.####.#.# #......#.#
#######....#.#.# #......#.###
#........#.#.#.#
#..........#####........#.#.#.#
#........o†)..§@..........#.#.#
###+#..........†.............#.#
..#.#........####...)....#####.#
....#..........................#
.................†.#############
...........#.......#
.........###.......# ...###...#
#.......# ##.# #...# #.......#


You could see an orc wizard.

Vanquished Creatures
  2 orcs (D:2)
  3 goblins (D:1)
  2 hobgoblins (D:1)
  2 jackals (D:1)
  A quokka (D:2)
  2 bats (D:1)
  3 frilled lizards
  A kobold (D:1)
  A rat (D:1)
17 creatures vanquished.

Notes
Turn   | Place    | Note
-------+----------+-------------------------------------------
     0 | D:1      | PentaManta the Spriggan Assassin began the quest for the Orb.
     0 | D:1      | Reached XP level 1. HP: 10/10 MP: 2/2
   167 | D:1      | Reached skill level 6 in Stealth
   616 | D:1      | Reached XP level 2. HP: 14/14 MP: 3/3
  1287 | D:2      | Succumbed to an orc wizard's poison

Skill      XL: |  1  2 |
---------------+-------+-----
Dodging        | 2 3 |  3.3
Stealth        | 6 |  6.2
Fighting       | |  1.5
Short Blades   | |  2.1
Throwing       | |  2.0

Action                   || total
-------------------------++-------
Melee: Dagger            ||    49
  Use: Potion            ||     1
 Stab: Sleeping          ||     7
Armor: Robe              ||     6
Dodge: Dodged            ||    46
